[Event "Late-Titled-Tuesday-Blitz-May-07-2024"]
[Site "Chess.com"]
[Date "2024.05.07"]
[Round "9"]
[White "m_ezat"]
[Black "GoltsevDmitry2000"]
[Result "0-1"]
[WhiteElo "2572"]
[BlackElo "2741"]
[TimeControl "180+1"]
[EndTime "15:47:28 PDT"]
[Termination "GoltsevDmitry2000 won by checkmate"]

1. d4 e6 2. c4 d5 3. Nc3 Nf6 4. cxd5 exd5 5. Bg5 c6 6. Qc2 h6 7. Bh4 Qa5 8. Bxf6 gxf6 9. e3 Na6 10. a3 Nb4 11.
Qd1 Na6 12. Bd3 Bd6 13. Ne2 Rg8 14. O-O h5 15. Ng3 Bg4 16. Be2 O-O-O 17. Nxh5 Bxh5 18. Bxh5 Rg7 19. g3 Rh8 20. b4 Qc7 21. b5 Nb8 22. bxc6 bxc6 23. Rb1 Rg5 24. Bf3 Rxh2 25. Bg4+ f5 26. Bxf5+ Kd8 27. Kxh2 Bxg3+ 28. Kh3 Qd6 29. Rxb8+ Qxb8 30. Qf3 Bd6 31. Bg4 Ke7 32. Rh1 Qg8 33.
e4 Kd8 34. e5 Be7 35. Nxd5 cxd5 36. Qxd5+ Ke8 37. Qa8+ Bd8 38. Qc6+ Kf8 39. Qc5+ Kg7 40. f4 Rg6 41. f5 Rg5 42. f6+ Bxf6 43. exf6+ Kg6 44.
Qc2+ Kxf6 45. Rf1+ Kg7 46. Qf2 Qh8+ 47. Kg3 f5 48. Re1 Rxg4+ 49. Kf3 Qh3+ 50. Ke2 Rg2 51. Kd2 Rxf2+ 52. Re2 Qg2 53. Kc3 Rxe2 54. Kb4 Rc2 55. d5 Qd2+ 56. Ka4 Qc3 57. Kb5 Rb2+ 58. Ka6 Qc7 59.
a4 Qb6# 0-1

[Event "Late-Titled-Tuesday-Blitz-May-07-2024"]
[Site "Chess.com"]
[Date "2024.05.07"]
[Round "9"]
[White "MusicCityMaster"]
[Black "NelsonLinda"]
[Result "1/2-1/2"]
[WhiteElo "2476"]
[BlackElo "2604"]
[TimeControl "180+1"]
[EndTime "15:47:31 PDT"]
[Termination "Game drawn by stalemate"]

1. e4 c5 2. Nf3 e6 3. d3 d5 4. Nbd2 Nc6 5. g3 Nf6 6. Bg2 Be7 7.
O-O h6 8. Re1 O-O 9. c3 b5 10. e5 Nh7 11. d4 a5 12. dxc5 Bxc5 13.
Nb3 Bb6 14. Be3 b4 15. Nbd4 Bd7 16. Nxc6 Bxc6 17. Nd4 Bd7 18. f4 Rc8 19. cxb4 axb4 20. Qd2 Bc5 21. Rac1 Qb6 22. h3 f6 23. f5 fxe5 24. Nxe6 Bxe3+ 25. Rxe3 Rxc1+ 26. Qxc1 Bxe6 27. fxe6 Qxe6 28. Qc5 e4 29. Qxb4 Ng5 30. Kh2 Rf2 31. Kg1 Rxg2+ 32. Kxg2 Qxh3+ 33. Kf2 Qh2+ 34. Ke1 Nf3+ 35.
Rxf3 exf3 36. Qb8+ Kh7 37. Qe5 Qc2 38. a4 Qxa4 39.
Qf5+ Kg8 40. Qxd5+ Kf8 41. Qxf3+ Ke7 42. Qa3+ Qxa3 43.
bxa3 h5 44. Ke2 g5 45. Kf3 h4 46. gxh4 gxh4 47. Kg4 Kd6 48. Kxh4 Kc6 49. Kg4 Kb5 50. Kf4 Ka4 51. Ke4 Kb3 52. Kd4 Ka4 53. Kc5 Ka5 54. Kc4 Ka4 55. Kc3 Ka5 56. Kb3 Kb5 57.
a4+ Ka5 58. Ka3 Kb6 59. Kb4 Ka6 60. Kc5 Ka5 61. Kc4 Ka6 62. Kb3 Kb6 63. Ka3 Ka6 64. Kb4 Kb6 65. a5+ Ka6 66. Ka4 Ka7 67. Kb5 Kb7 68. a6+ Ka7 69. Ka5 Ka8 70. Kb6 Kb8 71. a7+ Ka8 72. Ka6 1/2-1/2

[Event "Late-Titled-Tuesday-Blitz-May-07-2024"]
[Site "Chess.com"]
[Date "2024.05.07"]
[Round "9"]
[White "mishanick"]
[Black "vugarrasulov"]
[Result "1-0"]
[WhiteElo "3068"]
[BlackElo "2988"]
[TimeControl "180+1"]
[EndTime "15:47:33 PDT"]
[Termination "mishanick won on time"]

1. d4 d5 2. c4 dxc4 3. Nf3 Nf6 4. e3 e6 5. Bxc4 c5 6. O-O Nc6 7. Nc3 Be7 8. dxc5 Qxd1 9. Rxd1 Bxc5 10. Nd2 O-O 11.
Nb3 Be7 12. e4 a6 13. f3 b5 14. Be2 Bb7 15. Be3 Rac8 16. Nc5 Bxc5 17. Bxc5 Rfe8 18.
a4 b4 19. Na2 a5 20. Bb5 Red8 21. Bb6 Rd7 22. Rxd7 Nxd7 23. Bxa5 b3 24. Nc3 h5 25.
Rd1 Nxa5 26. Rxd7 Bc6 27. Rd6 Bxb5 28. axb5 Kf8 29. Rd4 Ke7 30. Rb4 Kd6 31. b6 Kc6 32.
Kf2 Kb7 33. Ke2 Rc6 34. Rb5 Nc4 35. Rxb3 Rxb6 36. Rxb6+ Kxb6 37. b3 Na5 38. b4 Nc6 39.
b5 Nd4+ 40. Ke3 Nxb5 41. Nxb5 Kxb5 42. Kf4 f6 43. Kg3 Kc4 44. Kh4 g6 45. e5 fxe5 46.
Kg5 Kd3 47. Kxg6 e4 48. fxe4 Kxe4 49. Kxh5 e5 50. g4 Kd3 51. g5 e4 52. g6 e3 53. g7 e2 54. g8=Q e1=Q 55. Qg3+ Qxg3 56. hxg3 Ke4 57. g4 Ke5 58. g5 Ke6 59. Kh6 1-0

[Event "Late-Titled-Tuesday-Blitz-May-07-2024"]
[Site "Chess.com"]
[Date "2024.05.07"]
[Round "9"]
[White "ChEsper99"]
[Black "gabduschew"]
[Result "0-1"]
[WhiteElo "2297"]
[BlackElo "2426"]
[TimeControl "180+1"]
[EndTime "15:47:36 PDT"]
[Termination "gabduschew won on time"]

1. Nf3 d5 2. g3 Nf6 3. Bg2 c6 4. O-O Bf5 5. d3 Nbd7 6. Nbd2 e5 7.
e4 Bg4 8. h3 Bh5 9. Re1 Bd6 10.
d4 dxe4 11. dxe5 Nxe5 12. Nxe4 Nxe4 13. Rxe4 Bxf3 14. Qxf3 O-O 15. Qe2 Qc7 16. Bf4 Ng6 17. Bxd6 Qxd6 18. Rd1 Qf6 19. c3 Rad8 20. Red4 Rfe8 21.
Qd2 Rxd4 22. Qxd4 Re2 23. Qd8+ Qxd8 24. Rxd8+ Nf8 25. b3 Rxa2 26. Rb8 Ra1+ 27. Kh2 b6 28. Bxc6 Rc1 29. c4 g6 30. Bd5 Rc3 31. Rb7 Ne6 32.
Bxe6 fxe6 33. Rxa7 Rxb3 34. Rb7 Rb4 35. Kg2 Rxc4 36.
Rxb6 Kf7 37. Rb7+ Kf6 38. Rxh7 Rc2 39. Ra7 Rb2 40. Ra4 Rd2 41. Re4 Rc2 42. h4 Rb2 43. Ra4 Rc2 44. Ra5 Rb2 45. g4 Rb4 46.
Kg3 Rb3+ 47. f3 e5 48. Ra6+ Kf7 49. Ra4 Kf6 50. Re4 Rd3 51. Re2 Rc3 52. h5 Rd3 0-1

[Event "Late-Titled-Tuesday-Blitz-May-07-2024"]
[Site "Chess.com"]
[Date "2024.05.07"]
[Round "9"]
[White "Navyblue1"]
[Black "klifus"]
[Result "1-0"]
[WhiteElo "2226"]
[BlackElo "2135"]
[TimeControl "180+1"]
[EndTime "15:47:39 PDT"]
[Termination "Navyblue1 won on time"]

1. d4 Nf6 2. c4 g6 3. Nc3 Bg7 4. e4 d6 5. h3 O-O 6. Be3 c5 7. d5 e6 8. Bd3 exd5 9. exd5 Re8 10. Nf3 Bh6 11. Qd2 Qe7 12. Nd1 Ne4 13. Bxe4 Qxe4 14. Rc1 b5 15. O-O Bxe3 16. Qxe3 bxc4 17. Qxe4 Rxe4 18. Ne3 Ba6 19. Nd2 Rd4 20. Ndxc4 Bxc4 21. Rxc4 Nd7 22. Rxd4 cxd4 23. Nc4 Rb8 24. Rd1 Ne5 25.
b3 Rb5 26. Rxd4 Nxc4 27. bxc4 Rb1+ 28. Kh2 Rc1 29. Kg3 Kg7 30. Kf3 Kf6 31. Ke3 Rc2 32. a4 a5 33. Rf4+ Ke7 34. Kd3 Ra2 35. Re4+ Kd7 36.
Re1 Rxa4 37. Rb1 Rb4 38. Ra1 a4 39. Kc3 Rb3+ 40. Kc2 Rb4 41. Kc3 Rb1 42. Rxa4 Rf1 43.
Ra7+ Ke8 44. Ra2 f5 45. Re2+ Kd7 46. g3 Rh1 47. h4 Rf1 48. Kd3 Rd1+ 49. Ke3 Rc1 50.
Kd3 Rd1+ 51. Kc2 Rd4 52. Kc3 Rg4 53. Rb2 f4 54. gxf4 Rxh4 55. Rb7+ Kc8 56. Rf7 h5 57. Kd3 Rh3+ 58. Ke4 Rc3 59. Rg7 Rxc4+ 60.
Kf3 Rc3+ 61. Kg2 h4 62. Rxg6 h3+ 63. Kh2 Rf3 64. Rxd6 Rxf2+ 65. Kxh3 1-0

[Event "Late-Titled-Tuesday-Blitz-May-07-2024"]
[Site "Chess.com"]
[Date "2024.05.07"]
[Round "9"]
[White "vladgoncharov"]
[Black "Akhayan"]
[Result "1-0"]
[WhiteElo "2581"]
[BlackElo "2422"]
[TimeControl "180+1"]
[EndTime "15:47:42 PDT"]
[Termination "vladgoncharov won on time"]

1. d4 Nf6 2. c4 g6 3. Nc3 d5 4. Nf3 Bg7 5. Bf4 O-O 6. e3 c5 7.
dxc5 Qa5 8. Be5 Ne4 9. Bxg7 Kxg7 10. cxd5 Nxc3 11. Qd4+ Kg8 12. Qxc3 Qxc3+ 13. bxc3 Nd7 14. Bc4 Nxc5 15. Nd4 Bd7 16. Bb3 Rfc8 17. c4 a5 18. Ke2 a4 19. Bc2 e5 20. dxe6 Nxe6 21. Bd3 Nc5 22.
Rhc1 Kg7 23. Rab1 h5 24. Rb6 a3 25. Kd2 Rc7 26. f3 Rac8 27. Rc3 Na4 28. Rb4 Nxc3 29. Kxc3 h4 30. h3 Re8 31. Kd2 Ra8 32. Be4 Ra4 33.
Rxb7 Rxb7 34. Bxb7 Rxc4 35. Bd5 Rb4 36. Bb3 Ba4 37.
Kc3 Bxb3 38. Kxb4 Bxa2 39. Kxa3 Bb1 40. f4 Kh6 41. Nf3 Kh5 42. Kb4 Bd3 43. Kc5 Bf1 44. Ne1 g5 45. fxg5 Kxg5 46. Kd4 Kf5 47. Nf3 Kf6 48.
Nxh4 Kg5 49. Nf3+ Kf5 50. Ne1 f6 51. Kd5 Ba6 52. Kd6 Bb7 53. Ke7 Ke5 54. g4 f5 55. g5 f4 56. exf4+ Kxf4 57. g6 Bd5 58. g7 Kg3 59. Nd3 Kxh3 60. Nf4+ Kg4 61. Nxd5 1-0

[Event "Late-Titled-Tuesday-Blitz-May-07-2024"]
[Site "Chess.com"]
[Date "2024.05.07"]
[Round "9"]
[White "A4RookA3"]
[Black "SoCalJuniorChess"]
[Result "1/2-1/2"]
[WhiteElo "2426"]
[BlackElo "2181"]
[TimeControl "180+1"]
[EndTime "15:47:46 PDT"]
[Termination "Game drawn - insufficient material"]

1. a4 e5 2. Ra3 Bxa3 3. Nxa3 Nf6 4. b3 O-O 5. Bb2 Nc6 6. e3 d5 7. Qa1 Re8 8. g3 Bf5 9. Ne2 Be4 10. Rg1 d4 11. d3 dxe3 12. fxe3 Bxd3 13. cxd3 Qxd3 14. Qd1 Qxe3 15. Bc1 Qe4 16. Bg2 Qb4+ 17. Qd2 Qxd2+ 18. Bxd2 e4 19. Nb5 Re7 20. Bc3 a6 21. Bxf6 gxf6 22. Nbc3 f5 23. Rf1 Re5 24. Bh3 Ne7 25. Nd4 Rd8 26. Nxf5 Rd3 27. Ne2 Nxf5 28. Bxf5 Rxb3 29. Rf4 e3 30. Nd4 Ra3 31. Rg4+ Kf8 32. Ke2 Rxa4 33.
Bxh7 Ra2+ 34. Bc2 c5 35. Nf3 Rxc2+ 36. Kd1 Rf5 37. Kxc2 Rxf3 38. Kd3 Rf2 39. h4 e2 40.
Kd2 Rg2 41. h5 Rh2 42. Rg5 c4 43. Rc5 b5 44. Ke1 Kg7 45. g4 Rg2 46. g5 Rh2 47. h6+ Kh7 48. Rf5 Kg6 49. Rf6+ Kxg5 50. Rxf7 Kxh6 51.
Rf6+ Kg5 52. Rxa6 c3 53. Rg6+ Kf5 54. Rf6+ Ke5 55. Re6+ Kd5 56. Rd6+ Kc4 57. Rd4+ Kc5 58. Rd5+ Kb4 59. Rxb5+ Kc4 60. Rc5+ Kd4 61. Rd5+ Kc4 62. Rc5+ Kb3 63. Rxc3+ Kb4 64. Re3 Kc4 65. Rxe2 Rxe2+ 66.
Kxe2 1/2-1/2

[Event "Late-Titled-Tuesday-Blitz-May-07-2024"]
[Site "Chess.com"]
[Date "2024.05.07"]
[Round "9"]
[White "Firouzja2003"]
[Black "Hikaru"]
[Result "1/2-1/2"]
[WhiteElo "3192"]
[BlackElo "3227"]
[TimeControl "180+1"]
[EndTime "15:47:47 PDT"]
[Termination "Game drawn - insufficient material"]

1. e4 e5 2. Nf3 Nc6 3. Bb5 Nf6 4.
d3 Bc5 5. O-O Nd4 6. Nxd4 Bxd4 7. c3 Bb6 8. Nd2 c6 9. Ba4 Bc7 10. d4 d6 11. Re1 O-O 12. Nf3 h6 13. h3 Re8 14. Bc2 b5 15. a4 a6 16. Be3 Be6 17. Qc1 Nd7 18. Rd1 Qf6 19. Qd2 Qg6 20. d5 Bxh3 21. Nh4 Qg4 22. dxc6 Nf6 23. Kh2 Qxh4 24.
gxh3 Nxe4 25. Qe2 d5 26. Qg4 Qxg4 27. hxg4 Nf6 28. Kh3 bxa4 29. Bxa4 Re6 30. b4 Rb8 31. f3 e4 32. f4 h5 33. gxh5 Nxh5 34. f5 Rf6 35. Kg4 g6 36. Rxd5 Ng7 37. fxg6 Rxg6+ 38. Rg5 f5+ 39. Kh3 Rxg5 40. Bxg5 Kf7 41. Rd1 Kg6 42. Be7 Rh8+ 43. Kg2 Ne6 44. Bd6 f4 45.
Bb3 Rd8 46. Bxe6 Rxd6 47. Rxd6 Bxd6 48. Bc8 Kg5 49. Bxa6 f3+ 50. Kf1 e3 51. Bd3 Kf4 52. c4 Ke5 53. c5 Bc7 54. b5 Kd5 55. b6 e2+ 56. Bxe2 fxe2+ 57. Kxe2 Bxb6 58. cxb6 Kxc6 59. Kd3 Kb7 60. Ke3 Kxb6 1/2-1/2

[Event "Late-Titled-Tuesday-Blitz-May-07-2024"]
[Site "Chess.com"]
[Date "2024.05.07"]
[Round "9"]
[White "TigrVShlyape"]
[Black "MarkusRagger"]
[Result "0-1"]
[WhiteElo "2954"]
[BlackElo "2828"]
[TimeControl "180+1"]
[EndTime "15:47:48 PDT"]
[Termination "MarkusRagger won on time"]

1. d4 Nf6 2. Bf4 g6 3. c3 Bg7 4. Nf3 d6 5. h3 O-O 6. Nbd2 Nbd7 7. e4 b6 8. Bd3 e5 9. Bh2 Bb7 10. O-O Re8 11. Re1 Nh5 12. a4 a5 13. Bb5 Qe7 14.
Qb3 Red8 15. Rad1 Nf8 16. d5 Bh6 17. Nc4 Bf4 18. g3 Bh6 19. Qc2 Bc8 20. Kg2 Qf6 21. Qe2 Nd7 22. b4 Rf8 23. Bg1 Nb8 24. Nh2 Qg5 25.
Ng4 f5 26. Nxh6+ Qxh6 27. exf5 Bxf5 28. h4 Nf6 29. Qd2 Qh5 30. f3 e4 31. fxe4 Bxe4+ 32. Rxe4 Nxe4 33. Qe1 Qf3+ 34. Kh2 axb4 35. cxb4 Na6 36.
Nd2 Nxd2 37. Qe6+ Qf7 38. Rxd2 Qxe6 39. dxe6 Nxb4 40. Bd4 c6 41. Bc3 cxb5 42. Bxb4 Rfe8 43. axb5 Rxe6 44. Kh3 Kf7 45. Bxd6 Rd8 46. Rf2+ Rf6 47. Rxf6+ Kxf6 48. Bc7 Rd5 49. Bxb6 Rxb5 50. Be3 Kf5 51. Bh6 Rb3 52. Bg5 Ke4 53. Kg4 Rb4 54. Bh6 Rb5 55. Bf4 Kd5 56. Kg5 Ke6+ 57. Kh6 Rh5+ 58. Kg7 Kf5 59.
Bd6 Kg4 60. Bc7 Rc5 61. Bb8 Rb5 62. Bd6 h5 63. Bf4 Kf5 64. Kh6 Rb4 65. Bd6 Rb6 66.
Bf4 g5+ 0-1

[Event "Late-Titled-Tuesday-Blitz-May-07-2024"]
[Site "Chess.com"]
[Date "2024.05.07"]
[Round "9"]
[White "Arek_pacitan"]
[Black "Zhigalko_Sergei"]
[Result "1-0"]
[WhiteElo "2769"]
[BlackElo "2877"]
[TimeControl "180+1"]
[EndTime "15:47:48 PDT"]
[Termination "Arek_pacitan won by resignation"]

1. d4 Nf6 2. c4 e6 3. Nc3 Bb4 4. Qc2 O-O 5. Nf3 d6 6. g3 Re8 7. Bg2 e5 8. O-O e4 9. Ng5 Bxc3 10. Qxc3 h6 11. Nh3 Bf5 12. f3 Nbd7 13. Nf2 c6 14.
Bf4 d5 15. c5 Nf8 16. Be5 exf3 17. exf3 N6d7 18. Bd6 Qf6 19. Rfe1 Ne6 20. Rad1 b6 21. cxb6 axb6 22. Qxc6 Nxd4 23. Qxd5 Rxe1+ 24. Rxe1 Rc8 25. Be7 Be6 26. Bxf6 Bxd5 27. Bxd4 Bxa2 28. Bh3 Rd8 29.
Ra1 Be6 30. Bxe6 fxe6 31. Ne4 e5 32. Be3 Nf8 33. Kf2 Rd3 34. Ra3 Rd1 35. Bxb6 Rh1 36.
Kg2 Rb1 37. Rb3 Ne6 38. Be3 Re1 39. Bf2 Re2 40. Rb8+ Kh7 41. b4 Rb2 42. b5 Nd4 43.
b6 Nf5 44. Kf1 Ne7 45. Nd6 Nd5 46. b7 Rb1+ 47. Kg2 Rb2 48. Kf1 Rb1+ 49. Ke2 Rb2+ 50. Ke1 Nc3 51. Rc8 Rb1+ 52. Kd2 Rxb7 53. Nxb7 Nd5 54. Nd6 Nf6 55. Nf7 e4 56. Rh8+ Kg6 57. Ne5+ Kf5 58. f4 g5 59. Be3 g4 60. Rf8 h5 61. Rxf6+ Kxf6 62. Kc3 Kf5 63. Kd4 h4 64. gxh4 g3 65. hxg3 Ke6 66. g4 1-0

[Event "Late-Titled-Tuesday-Blitz-May-07-2024"]
[Site "Chess.com"]
[Date "2024.05.07"]
[Round "9"]
[White "dolynachess"]
[Black "realburq"]
[Result "1/2-1/2"]
[WhiteElo "2518"]
[BlackElo "2361"]
[TimeControl "180+1"]
[EndTime "15:47:48 PDT"]
[Termination "Game drawn by repetition"]

1. d4 d5 2. c4 e6 3. Nf3 c5 4. g3 Nf6 5. Bg2 Nc6 6. O-O Be7 7. cxd5 exd5 8. dxc5 Bxc5 9. Nc3 O-O 10. Na4 Be7 11. Be3 Ne4 12. Rc1 Qa5 13. a3 Bd7 14.
Nc3 Nxc3 15. Rxc3 Bf6 16. Nd4 Rac8 17. b4 Qd8 18. Nxc6 Bxc6 19. Bd4 Re8 20. e3 a6 21. Qd2 h6 22. Rd1 Ba4 23. Rxc8 Qxc8 24. Rc1 Bc6 25. Bxf6 gxf6 26. Bxd5 Rd8 27. e4 Qg4 28. Qxh6 Bxd5 29.
exd5 Qd4 30. h4 Rxd5 31. Rc8+ Rd8 32. Rxd8+ Qxd8 33. Qe3 Qd5 34. Kh2 Qf5 35. Qb6 Qf3 36. Kg1 Qd1+ 37. Kg2 Qd5+ 38. Kh3 Qf5+ 39. Kh2 Qf3 40.
a4 Kg7 41. a5 Qe4 42. Kg1 Qe1+ 43. Kg2 Qe4+ 44. Kh2 Qf3 45. Qe3 Qd5 46. Qc5 Qf3 47.
Kg1 Qd1+ 48. Kg2 Qg4 49. Kg1 Qe4 50. Kh2 Qf3 51. Qc2 Kg8 52. Qb2 Kg7 53. Kg1 Kg6 54. Qd2 Kg7 55. Kh2 Qe4 56. Kg1 Qf3 57. Qe3 Qd5 58. Kh2 Qc6 59. Qf4 Qd5 60. Qg4+ Kf8 61.
Qf4 Kg7 62. Kg1 Qc6 63. Kh2 Qd5 1/2-1/2

[Event "Late-Titled-Tuesday-Blitz-May-07-2024"]
[Site "Chess.com"]
[Date "2024.05.07"]
[Round "9"]
[White "Sanan_Sjugirov"]
[Black "XDPS"]
[Result "1-0"]
[WhiteElo "3025"]
[BlackElo "2834"]
[TimeControl "180+1"]
[EndTime "15:47:50 PDT"]
[Termination "Sanan_Sjugirov won on time"]

1. e4 c5 2. Nf3 e6 3. d4 cxd4 4. Nxd4 a6 5. Bd3 Bc5 6. Nb3 Ba7 7. O-O Nc6 8. Qg4 Qf6 9. Nc3 h5 10. Qe2 Nge7 11. Kh1 h4 12. h3 b5 13. f4 b4 14.
Na4 d5 15. e5 Qh6 16. Be3 d4 17. Bd2 Nf5 18. Bxf5 exf5 19. Nac5 O-O 20. a3 bxa3 21. Rxa3 Ne7 22. Nd3 Nd5 23. Nbc5 Rb8 24. b4 Bxc5 25. Nxc5 Nxb4 26. Qc4 a5 27. Rxa5 Nc6 28. Ra4 Nd8 29.
Rb4 Rxb4 30. Bxb4 Ne6 31. Nxe6 Bxe6 32. Qxd4 Rc8 33. c3 Qh5 34. Qf2 Rc4 35. Kh2 Rc8 36. Re1 Bd5 37. Re2 Rc4 38. Rd2 Be6 39. Be7 Rxc3 40. Bxh4 Kh7 41. Bg5 Rc8 42. Rd3 Qg6 43. Rg3 Qh5 44. Be7 Re8 45. Bc5 Rc8 46. Be3 Rd8 47.
Bb6 Rd1 48. Rg5 Qh6 49. Be3 Rb1 50. Qe2 g6 51. Qf2 Ra1 52. Qg3 Ra3 53. Qf2 Ra2 54. Qf1 Bd5 55. e6 Bxe6 56. Bd4 Qf8 57. Qe1 Bd5 58.
Rg3 Be6 59. Qe5 Rd2 60. Qf6 Rd3 61. Rxd3 1-0

[Event "Late-Titled-Tuesday-Blitz-May-07-2024"]
[Site "Chess.com"]
[Date "2024.05.07"]
[Round "9"]
[White "pouya21"]
[Black "BogdanDeac"]
[Result "0-1"]
[WhiteElo "2854"]
[BlackElo "3113"]
[TimeControl "180+1"]
[EndTime "15:47:53 PDT"]
[Termination "BogdanDeac won by resignation"]

1. e4 e5 2. Nf3 Nc6 3. Bb5 a6 4. Bxc6 dxc6 5. O-O Qd6 6. d4 exd4 7. Qxd4 Qxd4 8. Nxd4 Bd7 9. Nc3 O-O-O 10. Bf4 Ne7 11.
Rad1 Ng6 12. Bg3 h5 13. h3 h4 14. Bh2 Bd6 15. Nf3 Be6 16. Rfe1 b5 17. Nd4 c5 18. Nxe6 fxe6 19. e5 Be7 20. Ne2 Rhf8 21. Rxd8+ Rxd8 22. Nf4 Nf8 23. Kf1 g5 24. Nh5 Ng6 25.
Ke2 c4 26. Rd1 Rxd1 27. Kxd1 Kd7 28. Ke2 Kc6 29. Kf3 Kd5 30. Nf6+ Kd4 31. Ng4 b4 32. Ke2 a5 33. g3 a4 34. gxh4 Nxh4 35. f4 Ng6 36.
fxg5 Bxg5 37. Bg1+ Ke4 38. Bc5 b3 39. cxb3 cxb3 40.
axb3 axb3 41. Nf2+ Kd5 42. Bb4 Nxe5 43. Bc3 Nc4 44.
Kd3 e5 45. Nd1 Be7 46. Ne3+ Nxe3 47. Kxe3 e4 48. Kf4 Bh4 49. Kg4 Bf2 50. h4 Bd4 51. Bxd4 Kxd4 52. h5 e3 53. h6 e2 54. h7 e1=Q 55.
h8=Q+ Qe5 56. Qd8+ Kc5 57. Kf3 Qd5+ 58. Qxd5+ Kxd5 59. Ke3 Kc4 60. Ke4 c6 61. Ke3 Kd5 62. Kd3 c5 63. Ke3 c4 64. Kd2 Kd4 65. Kd1 Kd3 66.
Kc1 Ke2 67. Kb1 Kd2 68. Ka1 c3 69. bxc3 Kc2 0-1

[Event "Late-Titled-Tuesday-Blitz-May-07-2024"]
[Site "Chess.com"]
[Date "2024.05.07"]
[Round "9"]
[White "N_Mullodzhanov"]
[Black "ToddBryant"]
[Result "1-0"]
[WhiteElo "2560"]
[BlackElo "2407"]
[TimeControl "180+1"]
[EndTime "15:47:53 PDT"]
[Termination "N_Mullodzhanov won by checkmate"]

1. e4 c5 2. c3 Nf6 3. e5 Nd5 4. Nf3 d6 5. exd6 Qxd6 6. d4 cxd4 7. Nxd4 Nc6 8. Na3 e6 9. Nc4 Qc7 10. Be2 Be7 11. O-O O-O 12. Nb5 Qb8 13. Bf3 Nf6 14. g3 a6 15. Nd4 Bd7 16. Nb6 Ra7 17. Nxd7 Nxd7 18. Nxe6 fxe6 19. Qxd7 Rxf3 20. Bf4 Qf8 21. Qxe6+ Kh8 22. Qe4 Rxf4 23. Qxf4 Qxf4 24. gxf4 Ra8 25. Rad1 Rf8 26. Rfe1 h6 27. Rd7 Bc5 28. Rxb7 Rxf4 29. Re2 Na5 30. Rb8+ Kh7 31. b4 Bd6 32. Rd8 Nc4 33.
Re6 Rg4+ 34. Kf1 Bxh2 35. Rxa6 Ne5 36. Rd4 Rg1+ 37. Ke2 Ng4 38. a4 h5 39. Ra5 g6 40.
Ra7+ Kh6 41. a5 Rg2 42. Rf7 Bg3 43. a6 Bxf2 44. Rxg4 Bg3+ 45. Kf1 Ra2 46. Rxg3 Rxa6 47. Re3 h4 48. Rff3 g5 49. b5 Ra1+ 50. Re1 Ra2 51. b6 Rb2 52. Re6+ Kh5 53. Rff6 Kg4 54. c4 Kg3 55.
Re3+ Kg4 56. Re7 h3 57. Rh7 h2 58. b7 Kg3 59. Rfh6 g4 60. Rxh2 Rb1+ 61. Ke2 Rxb7 62. Rxb7 Kxh2 63. Rg7 g3 64. c5 g2 65. c6 g1=Q 66.
Rh7+ Kg2 67. Rg7+ Kh1 68. Rxg1+ Kxg1 69. c7 Kh1 70. c8=Q Kg1 71. Qg4+ Kh1 72. Kf2 Kh2 73.
Qh5# 1-0

[Event "Late-Titled-Tuesday-Blitz-May-07-2024"]
[Site "Chess.com"]
[Date "2024.05.07"]
[Round "9"]
[White "th3d4rkness"]
[Black "NajdorfPlayerc5"]
[Result "1-0"]
[WhiteElo "2231"]
[BlackElo "2395"]
[TimeControl "180+1"]
[EndTime "15:47:59 PDT"]
[Termination "th3d4rkness won on time"]

1. e4 c6 2. d4 d5 3. e5 Bf5 4. h4 h5 5. Bg5 Qa5+ 6. Nc3 e6 7. Bd3 Bxd3 8. Qxd3 Qa6 9. Qe3 Ne7 10. Bxe7 Bxe7 11. Nge2 Nd7 12. Qg3 g6 13. O-O-O O-O-O 14. f4 Kb8 15. Qf2 Rc8 16. g3 b5 17. a3 b4 18.
axb4 Bxb4 19. Nb1 c5 20. c3 cxd4 21. Nxd4 Nc5 22. Qf1 Qxf1 23. Rhxf1 Ne4 24. Rf3 Bc5 25. Nb5 a6 26. Nd4 Ka7 27. Nb3 Bb6 28. N1d2 Nf2 29. Rf1 Ne4 30. Rd3 Nxd2 31. Kxd2 Kb7 32. Nd4 Ra8 33.
Ra1 Rhb8 34. Nf3 Kc7 35. Ng5 Rf8 36. Kc2 Bc5 37. Ra4 Be7 38. Nf3 Rfb8 39. Rd1 Rb6 40. Rda1 Rab8 41. R1a2 Kb7 42. b4 Rc8 43. Nd4 Rc4 44.
Kd3 Ka7 45. b5 Kb7 46. bxa6+ Ka7 47. Rxc4 dxc4+ 48. Kxc4 Rxa6 49. Rxa6+ Kxa6 50. Nc6 Bf8 51. Nd8 Kb6 52. Nxf7 Kc6 53. Ng5 Kd7 54. Kd4 Ba3 55.
c4 Bb2+ 56. Kd3 Ba3 57. Kc3 Bc5 58. Kb3 Bf2 59. Ne4 Be1 60. c5 Kc6 61. Kc4 Ba5 62. Ng5 Be1 63. Nxe6 Bxg3 64. Nf8 Bxf4 65. Nxg6 Bg3 66.
e6 Kc7 67. Kd5 Bf2 68. c6 Be3 69. e7 1-0

[Event "Late-Titled-Tuesday-Blitz-May-07-2024"]
[Site "Chess.com"]
[Date "2024.05.07"]
[Round "9"]
[White "hikaruchija"]
[Black "azikom"]
[Result "0-1"]
[WhiteElo "2514"]
[BlackElo "2738"]
[TimeControl "180+1"]
[EndTime "15:48:00 PDT"]
[Termination "azikom won by resignation"]

1. d4 d5 2. c4 e6 3. Nc3 c6 4. Nf3 dxc4 5. e3 b5 6. Be2 Bb7 7. O-O Nf6 8. Ne5 Nbd7 9. f4 Be7 10. Bf3 Qb6 11. a4 a6 12. b3 cxb3 13. Qxb3 O-O 14.
Kh1 Nxe5 15. fxe5 Nd5 16. Ne4 c5 17. dxc5 Bxc5 18. Nxc5 Qxc5 19. Ba3 b4 20. Rfc1 Qa7 21. Bxd5 Bxd5 22. Qxb4 Qxe3 23. Qc3 Qe4 24. Qg3 Rfb8 25.
Re1 Qc2 26. Rec1 Qb3 27. Qxb3 Rxb3 28. Rc2 h5 29. h3 Rxh3+ 30. Kg1 Rb3 31. Bd6 h4 32.
Rac1 h3 33. gxh3 Rxh3 34. Rc3 Rxc3 35. Rxc3 Ra7 36. a5 Rb7 37. Kf2 Rb5 38. Rc5 Rb2+ 39. Ke3 Rb3+ 40. Kf4 Rf3+ 41. Kg4 Rf1 42. Kg3 Kh7 43.
Rc7 g5 44. Rc8 Kg6 45. Be7 Rg1+ 46. Kf2 Rg2+ 47. Ke3 Rg4 48. Bf6 Kf5 49. Rf8 Rg3+ 50. Kf2 Rf3+ 51. Ke2 g4 52. Rxf7 Ke4 53. Rg7 Bc4+ 54.
Kd2 g3 55. Bh4 Rf2+ 56. Kc3 Bb5 57. Bxg3 Rf3+ 58. Kb4 Rd3 59. Bh4 Kxe5 60. Bf6+ Kxf6 61. Rg4 Rd5 62. Re4 Rf5 63. Rg4 e5 64. Rh4 Rf4+ 65. Rxf4+ exf4 0-1

[Event "Late-Titled-Tuesday-Blitz-May-07-2024"]
[Site "Chess.com"]
[Date "2024.05.07"]
[Round "9"]
[White "szachmistrz2500"]
[Black "nabukatnezarr"]
[Result "1/2-1/2"]
[WhiteElo "2472"]
[BlackElo "2591"]
[TimeControl "180+1"]
[EndTime "15:48:02 PDT"]
[Termination "Game drawn by repetition"]

1. d4 Nf6 2. c4 e6 3. Nf3 c5 4. d5 exd5 5. cxd5 d6 6. Nc3 g6 7.
Nd2 Bg7 8. e4 O-O 9. Bd3 Nfd7 10. O-O Na6 11. Nc4 Ne5 12. Bf4 Nxc4 13. Bxc4 Nc7 14.
Re1 Re8 15. Qf3 h5 16. Rad1 Rb8 17. Qd3 Qf6 18. Be3 Bd7 19. a4 a6 20. a5 b5 21.
axb6 Rxb6 22. Re2 Bb5 23. f3 Bxc4 24. Qxc4 Rb4 25. Qd3 Nb5 26. Nxb5 axb5 27. b3 Qc3 28. Bf4 Qxd3 29. Rxd3 Bd4+ 30. Kf1 Be5 31. Bxe5 Rxe5 32. Ra2 f5 33. exf5 gxf5 34. Ra6 f4 35. Rxd6 c4 36.
bxc4 Rb1+ 37. Kf2 Rb2+ 38. Kf1 bxc4 39. Rd4 Rb1+ 40. Kf2 Rb2+ 41. Kf1 Ree2 42. Rxc4 Rf2+ 43. Kg1 Rxg2+ 44. Kh1 Rxh2+ 45. Kg1 Rbg2+ 46. Kf1 Rf2+ 47. Kg1 Rhg2+ 48. Kh1 Rh2+ 49. Kg1 Rfg2+ 50. Kf1 Ra2 51. Kg1 Rhg2+ 52. Kh1 Rgf2 53. Rc1 Rxf3 54. Rg6+ Kf7 55.
Rg5 Rh3+ 56. Kg1 Kf6 57. Rg8 Rg3+ 58. Rxg3 fxg3 59. Rd1 Ke7 60. d6+ Kd7 61. Rd5 h4 62.
Rh5 Rh2 63. Rh6 Kc6 64. Kf1 h3 65. Kg1 Kd7 66. Rg6 Rg2+ 67. Kh1 Kc6 68. Rh6 Rh2+ 69.
Kg1 Rg2+ 70. Kh1 Rh2+ 71. Kg1 1/2-1/2

[Event "Late-Titled-Tuesday-Blitz-May-07-2024"]
[Site "Chess.com"]
[Date "2024.05.07"]
[Round "9"]
[White "DeTimmerman"]
[Black "baki83"]
[Result "0-1"]
[WhiteElo "2763"]
[BlackElo "2929"]
[TimeControl "180+1"]
[EndTime "15:48:03 PDT"]
[Termination "baki83 won by resignation"]

1. b4 d5 2. Bb2 Nf6 3. e3 Bf5 4. b5 e6 5. c4 a6 6. a4 axb5 7. axb5 Rxa1 8. Bxa1 Bd6 9. Nf3 O-O 10.
Be2 Nbd7 11. O-O e5 12. Nc3 dxc4 13. Bxc4 e4 14. Nd4 Bg6 15. Be2 Ne5 16. h3 Qd7 17. Bb2 Rd8 18. f4 exf3 19. Nxf3 Nxf3+ 20. Bxf3 Bd3 21. Be2 Be5 22. Bxd3 Qxd3 23. Qb3 Qxd2 24. Nd1 Bxb2 25. Nxb2 Qe2 26. Rf2 Qe1+ 27. Rf1 Qg3 28.
Rf3 Qd6 29. Qc3 Ne4 30. Qc4 Qe7 31. Rf4 Nd6 32. Qd3 Qe5 33. Rd4 Re8 34. Nc4 Nxc4 35. Rxc4 Qxb5 36. Re4 Qc6 37. Rc4 Qb6 38. Rd4 h6 39.
Rd8 Qe6 40. e4 c5 41. Qd5 Rxd8 42. Qxd8+ Kh7 43. Qc7 Qxe4 44. Qxc5 Qe6 45. Qc2+ g6 46. Qb2 b6 47. h4 h5 48. Kh2 Qd6+ 49. g3 Qc6 50. Qf2 Kg8 51. Qb2 b5 52. Qd4 Qe8 53. Qb6 Qd7 54. Qb8+ Kh7 55. Qe5 b4 56. Qb8 Qd2+ 57.
Kh3 Qd5 58. Kh2 b3 59. Qb6 Qe6 60. Qb7 Kg8 61. Qb8+ Kg7 62. Qb7 Kh7 63. Kg2 Qc4 64. Kh2 Kg7 65. Qb8 Qc2+ 66. Kh3 Qc3 67. Qb4 Qxb4 0-1